Map: Kairos Junction LE

Players

RiSky

  • Race: Zerg Zerg
  • League: Grandmaster
  • Spawn Location: 11:00

Lambo - Winner!

  • Race: Zerg Zerg
  • League: Grandmaster
  • Spawn Location: 5:00

VOD

Have the link to the VOD?

Description

Time

  • Played on: Jan. 14, 2019, 12:57 p.m.
  • Length: 16:39
Show
View Real Time Build Order
Export as new Build Order

RiSky Zerg 

Build Orders: Hatch First 

Get SALT Encoding   

  12  0:01  Drone  
  13  0:13  Overlord  
  13  0:17  Drone  
  14  0:31  Drone x2  
  16  0:49  Hatchery  
  15  0:52  Drone  
  15  0:55  Drone  
  17  0:58  Drone  
  18  1:09  Extractor  
  17  1:14  Spawning Pool  
  17  1:17  Drone  
  17  1:21  Drone  
  18  1:29  Drone  
  19  2:01  Queen x2, Zergling x8  
  27  2:13  Zergling x2  
  27  2:34  Metabolic Boost  
  27  2:40  Overlord  
  27  2:48  Drone  
  28  2:58  Overlord  
  28  3:00  Drone x3  
  28  3:04  Drone  
  32  3:09  Overlord  
  32  3:11  Drone  
  32  3:15  Drone  
  32  3:18  Drone  
  34  3:20  Drone  
  34  3:23  Drone  
  34  3:24  Drone  
  37  3:31  Drone  
  38  3:38  Drone  
  39  3:42  Evolution Chamber  
  38  3:49  Hatchery  
  38  3:53  Drone  
  38  3:54  Drone  
  39  3:57  Drone  
  39  4:00  Drone  
  39  4:01  Drone  
  42  4:04  Drone  
  42  4:05  Drone  
  42  4:07  Drone  
  45  4:11  Zerg Missile Weapons Level 1  
  45  4:14  Drone  
  45  4:15  Drone  
  45  4:16  Extractor  
  46  4:22  Roach Warren  
  45  4:24  Drone  
  45  4:27  Drone  
  47  4:31  Lair  
  47  4:34  Overlord  
  47  4:36  Drone  
  48  4:39  Drone x2  
  48  4:42  Extractor  
  49  4:48  Drone x2  
  49  4:50  Drone  
  49  4:51  Overlord  
  52  4:56  Drone x2  
  52  4:59  Drone  
  54  5:00  Drone  
  54  5:01  Drone, Overlord  
  54  5:04  Drone x2  
  58  5:12  Drone  
  57  5:16  Overlord  
  57  5:17  Roach  
  57  5:20  Queen  
  61  5:24  Roach x4  
  69  5:29  Roach x2  
  69  5:30  Roach  
  69  5:33  Roach  
  69  5:35  Roach  
  79  5:37  Roach  
  79  5:41  Roach  
  83  5:45  Glial Reconstitution  
  83  5:46  Roach  
  83  5:49  Overlord  
  85  5:52  Roach  
  85  5:55  Extractor, Roach  
  88  5:58  Roach  
  88  6:01  Overlord  
  88  6:02  Overlord x2  
  90  6:10  Drone x2  
  92  6:11  Zerg Missile Weapons Level 2  
  92  6:15  Overlord  
  92  6:18  Roach x2  
  96  6:21  Roach  
  96  6:23  Roach  
  100  6:27  Extractor  
  100  6:29  Roach  
  100  6:30  Roach x2  
  105  6:33  Roach  
  105  6:34  Roach  
  105  6:36  Roach  
  105  6:39  Roach  
  113  6:41  Hatchery, Roach  
  113  6:42  Overlord  
  113  6:43  Overlord  
  115  6:47  Roach x2  
  115  6:49  Roach  
  115  6:52  Roach  
  123  6:56  Roach x2  
  123  7:00  Roach  
  129  7:04  Roach x2  
  129  7:06  Roach x2  
  136  7:09  Roach  
  136  7:13  Roach x2  
  142  7:16  Roach  
  142  7:18  Roach  
  144  7:28  Roach x2  
  136  7:31  Roach x2  
  136  7:33  Roach x2  
  118  7:37  Roach x2  
  118  7:42  Roach x2  
  122  7:46  Extractor, Roach  
  122  7:49  Roach x2  
  119  7:51  Roach  
  119  7:52  Roach  
  119  7:56  Roach x2  
  119  7:57  Drone x3  
  116  8:02  Ravager  
  116  8:04  Roach  
  108  8:09  Roach x2  
  108  8:10  Roach  
  108  8:11  Roach x2  
  118  8:13  Roach  
  118  8:14  Roach  
  118  8:17  Overlord x2  
  118  8:19  Roach x2  
  126  8:24  Roach x2  
  126  8:26  Ravager  
  131  8:29  Roach  
  131  8:32  Roach x2  
  137  8:36  Roach x2  
  137  8:39  Roach  
  145  8:41  Roach  
  145  8:44  Roach x2  
  145  8:47  Roach  
  151  8:49  Roach  
  151  8:51  Roach  
  151  8:54  Overlord  
  155  8:57  Overlord  
  155  9:00  Roach  
  155  9:01  Roach  
  153  9:10  Roach x2  
  153  9:13  Roach x2  
  131  9:17  Roach x2  
  131  9:20  Roach x2  
  131  9:22  Roach x2  
  123  9:30  Roach x4  
  109  9:34  Roach x2  
  111  9:38  Roach x2  
  111  9:42  Roach x2  
  111  9:45  Roach x2  
  123  9:47  Ravager  
  123  9:48  Ravager  
  123  9:51  Roach x2  
  129  9:54  Roach  
  129  9:57  Roach x2  
  135  10:00  Roach x2  
  135  10:03  Roach  
  135  10:05  Roach  
  143  10:07  Roach  
  143  10:09  Roach  
  143  10:12  Roach  
  149  10:15  Overseer  
  149  10:17  Roach x2  
  149  10:21  Roach x2  
  157  10:23  Roach  
  157  10:25  Roach  
  161  10:29  Roach x2  
  161  10:32  Roach x2  
  169  10:36  Roach x2  
  169  10:41  Roach  
  175  10:43  Overlord  
  175  10:47  Overlord  
  157  11:08  Roach x11  
  149  11:12  Roach x2  
  149  11:16  Roach x2  
  133  11:18  Roach  
  133  11:21  Roach x2  
  133  11:24  Roach  
  133  11:25  Roach  
  127  11:29  Roach  
  127  11:33  Roach x2  
  127  11:36  Ravager x3  
  134  11:41  Zerg Ground Armor Level 1  
  134  11:44  Roach  
  134  11:46  Roach  
  137  11:52  Roach x3  
  143  11:54  Roach  
  143  11:58  Roach x2  
  149  12:02  Roach x2  
  149  12:05  Roach  
  155  12:09  Roach  
  155  12:10  Roach  
  155  12:11  Ravager  
  155  12:13  Extractor  
  159  12:17  Roach x2  
  161  12:25  Roach x2  
  161  12:26  Roach  
  161  12:27  Roach x2  
  161  12:28  Ravager  
  172  12:32  Roach x2  
  176  12:37  Roach  
  176  12:38  Roach x2  
  176  12:41  Roach  
  184  12:48  Overlord  
  184  12:51  Overlord  
  184  12:58  Overlord  
  184  12:59  Overlord  
  184  13:04  Roach x6  
  182  13:10  Roach x3  
  188  13:13  Ravager  
  188  13:15  Roach  
  188  13:16  Roach  
  188  13:18  Ravager x4  
  186  13:28  Roach x2  
  186  13:33  Roach x3  
  196  13:38  Roach x2  
  200  13:44  Roach  
  200  13:49  Zerg Ground Armor Level 2  
  200  13:54  Infestation Pit  
  199  13:57  Ravager  
  198  14:25  Roach x2  
  166  14:40  Roach x17  
  190  14:53  Roach x4  
  198  15:03  Roach  
  198  15:14  Roach  
  178  15:22  Roach x7  
  178  15:28  Roach x2  
  184  15:30  Ravager  
  184  15:31  Ravager x9  
  198  15:35  Roach x2  
  198  15:40  Extractor  
  198  15:41  Roach  
  195  16:00  Roach x2  
  192  16:09  Roach x8  
  198  16:17  Roach x6  
Show
View Real Time Build Order
Export as new Build Order

Lambo Zerg - Winner!

Build Orders: Pool First 

Get SALT Encoding   

  12  0:16  Spawning Pool  
  11  0:21  Drone  
  11  0:26  Drone  
  13  0:36  Drone  
  13  0:41  Overlord  
  14  1:03  Zergling x4  
  16  1:04  Zergling x2  
  17  1:15  Zergling x2  
  18  1:19  Hatchery  
  17  1:26  Zergling x2  
  18  1:34  Queen  
  20  1:41  Overlord  
  20  1:48  Drone  
  21  1:59  Drone  
  22  2:10  Drone  
  22  2:11  Queen  
  25  2:20  Drone  
  26  2:33  Drone x2  
  26  2:34  Queen  
  29  2:41  Drone  
  29  2:42  Drone  
  31  2:44  Overlord  
  31  2:46  Drone x2  
  33  2:54  Drone  
  33  2:58  Drone  
  35  3:03  Drone  
  35  3:05  Drone  
  37  3:15  Drone  
  37  3:17  Drone  
  38  3:20  Extractor  
  38  3:22  Evolution Chamber, Extractor  
  38  3:26  Drone  
  38  3:27  Drone x3  
  39  3:32  Roach Warren  
  38  3:36  Drone  
  38  3:38  Drone  
  40  3:47  Drone  
  41  3:48  Drone  
  41  3:49  Drone x2  
  41  3:54  Overlord  
  43  4:09  Extractor  
  42  4:11  Zerg Missile Weapons Level 1  
  42  4:12  Drone x5  
  42  4:15  Drone  
  48  4:17  Drone  
  48  4:19  Drone x2  
  48  4:21  Overlord  
  51  4:36  Lair, Overlord  
  51  4:38  Overlord  
  51  4:40  Roach x3  
  57  4:46  Roach  
  57  4:49  Overlord  
  59  4:57  Roach x2  
  59  4:58  Roach x2  
  66  5:04  Roach x2  
  70  5:19  Hatchery  
  70  5:20  Drone x5  
  74  5:22  Extractor  
  73  5:30  Drone  
  73  5:32  Drone x2  
  75  5:37  Evolution Chamber  
  74  5:43  Glial Reconstitution  
  74  5:44  Roach  
  74  5:45  Roach x3  
  74  5:49  Overseer  
  82  5:51  Overlord  
  82  5:54  Overlord  
  82  5:59  Overlord  
  82  6:03  Overlord  
  82  6:06  Overlord, Zerg Missile Weapons Level 2  
  82  6:11  Overlord  
  86  6:13  Drone x3  
  86  6:16  Drone x3  
  87  6:23  Drone  
  87  6:24  Zerg Ground Armor Level 1  
  88  6:26  Drone  
  88  6:27  Pneumatized Carapace  
  89  6:33  Drone x2  
  89  6:34  Drone x2  
  89  6:35  Roach  
  89  6:37  Roach  
  89  6:38  Extractor, Ravager  
  89  6:39  Ravager  
  98  6:43  Roach  
  98  6:46  Roach x3  
  106  6:48  Drone  
  106  6:51  Drone  
  108  6:54  Roach  
  108  6:55  Extractor  
  108  7:00  Roach  
  108  7:01  Roach x4  
  115  7:08  Drone x3  
  119  7:09  Drone x2  
  119  7:10  Overlord  
  119  7:14  Ravager  
  119  7:15  Ravager x2  
  125  7:17  Roach x2  
  126  7:26  Roach x5  
  126  7:28  Roach x3  
  119  7:32  Roach  
  119  7:35  Roach x2  
  109  7:39  Roach  
  109  7:42  Roach x2  
  111  7:45  Roach  
  111  7:47  Roach  
  107  7:54  Roach x2  
  107  7:58  Roach x2  
  98  8:02  Ravager  
  97  8:06  Roach x3  
  97  8:08  Drone x2  
  97  8:11  Roach  
  107  8:16  Drone x4  
  111  8:23  Overlord  
  111  8:25  Drone x3  
  114  8:27  Roach  
  114  8:29  Ravager  
  114  8:32  Overlord  
  117  8:39  Roach x3  
  123  8:43  Ravager  
  123  8:44  Roach  
  123  8:47  Roach x2  
  130  8:51  Roach x2  
  130  8:54  Roach  
  130  8:55  Roach  
  138  8:58  Roach  
  138  9:01  Roach x2  
  144  9:08  Roach x2  
  144  9:12  Roach x2  
  144  9:13  Roach  
  144  9:15  Roach x2  
  128  9:20  Roach x3  
  116  9:25  Roach x3  
  116  9:29  Roach  
  116  9:34  Roach x2  
  116  9:38  Roach x2  
  122  9:45  Roach  
  122  9:46  Roach x2  
  122  9:52  Roach x4  
  134  9:59  Roach x3  
  140  10:07  Ravager  
  141  10:09  Roach  
  141  10:10  Roach  
  141  10:11  Queen  
  147  10:15  Roach x3  
  147  10:18  Drone  
  147  10:20  Overlord  
  154  10:22  Overlord  
  154  10:39  Overlord  
  154  10:40  Roach x7  
  168  10:44  Ravager x2  
  170  10:54  Roach  
  170  11:03  Roach x5  
  170  11:08  Roach x3  
  170  11:10  Roach  
  128  11:20  Roach x3  
  128  11:22  Roach  
  114  11:27  Roach  
  116  11:33  Roach x2  
  116  11:36  Ravager  
  116  11:37  Ravager x2  
  116  11:39  Ravager, Roach x2  
  128  11:42  Hatchery  
  128  11:44  Roach  
  129  11:48  Roach  
  129  11:49  Queen  
  129  11:51  Roach  
  129  11:52  Ravager x4  
  139  11:55  Roach  
  139  12:00  Roach  
  139  12:01  Ravager x2  
  145  12:02  Roach  
  145  12:07  Roach x2  
  151  12:10  Roach x2  
  151  12:15  Roach x2  
  157  12:23  Roach x3  
  157  12:25  Roach  
  157  12:29  Roach x2  
  169  12:31  Overseer  
  169  12:33  Roach  
  171  12:41  Roach x2  
  171  12:42  Roach  
  177  12:50  Overlord  
  177  12:51  Overlord  
  177  12:57  Overlord  
  177  13:06  Overlord  
  177  13:11  Overlord  
  177  13:15  Roach x7  
  191  13:23  Roach x4  
  195  14:17  Tunneling Claws  
  195  14:18  Burrow  
  195  14:20  Spire  
  195  14:22  Extractor  
  195  14:23  Extractor  
  190  14:24  Roach x5  
  190  14:31  Roach x7  
  190  14:39  Roach x7  
  194  14:47  Roach x3  
  194  14:52  Roach  
  198  14:59  Ravager  
  199  15:00  Ravager  
  200  15:12  Roach x2  
  172  15:33  Roach x4  
  168  15:38  Roach x5  
  165  15:53  Mutalisk x9  
  165  15:54  Mutalisk x7  
  197  16:00  Mutalisk  
  193  16:07  Mutalisk x5  
Tags
 
Add a new tag
Caveats
  • Supply blocks, unpowered buildings, or Contaminate may cause inaccurate times.
  • Supply counts are checked every 10 seconds.